 Dungeon Crawl Stone Soup version 0.16.1-16-gc44b35d (webtiles) character file.

53 Chiseanne the Sneak (level 3, 0/22 HPs)
             Began as an Octopode Enchanter on Apr 26, 2015.
             Slain by a giant cockroach (1 damage)
             ... on level 2 of the Dungeon.
             The game lasted 00:03:16 (1443 turns).

Chiseanne the Sneak (Octopode Enchanter)            Turns: 1443, Time: 00:03:17

Health: 0/22       AC:  1    Str:  8    XL:     3   Next: 87%
Magic:  6/6        EV: 18    Int: 17    God:
Gold:   74         SH:  0    Dex: 17    Spells: 2 memorised, 3 levels left

rFire  . . .     SeeInvis .     a - +1 dagger
rCold  . . .     Clarity  .     (no shield)
rNeg   . . .     SustAb   .     (helmet restricted)
rPois  .         Gourm    .     (no amulet)
rElec  .         Spirit   .     (no ring)
rCorr  .         Warding  .     (no ring)
rMut   .         Stasis   .     (no ring)
MR     .....                    (no ring)
Stlth  +++++.....               (no ring)
                                (no ring)
                                (no ring)
                                (no ring)

@: agile, lethally poisoned (0 -> -7), not resistant to hostile enchantments,
quite stealthy
A: almost no armour, amphibious, 8 rings, constrict 8, camouflage 1, gelatinous
body 1
a: no special abilities


You were on level 2 of the Dungeon.
You were not hungry.

You visited 1 branch of the dungeon, and saw 2 of its levels.

You collected 74 gold pieces.

Inventory:

Hand weapons
 a - a +1 dagger (weapon)
Missiles
 i - 15 poisoned needles
Jewellery
 b - an uncursed amulet of warding {unknown}
Scrolls
 e - 2 scrolls of amnesia
Potions
 h - a potion of poison {unknown}
Books
 c - a book of Maledictions

   Spells                             Type                      Level
   a - Corona                         Hexes                        1
   b - Sure Blade                     Hexes/Charms                 2
   c - Ensorcelled Hibernation        Hexes/Ice                    2
   d - Confuse                        Hexes                        3
   e - Dazzling Spray                 Conjuration/Hexes            3
   f - Enslavement                    Hexes                        4
Comestibles
 d - 2 bread rations
 f - 4 fruits


   Skills:
 * Level 0.8 Fighting
 - Level 1.0 Short Blades
 * Level 2.2 Dodging
 * Level 5.2 Stealth
 * Level 2.2 Spellcasting
 * Level 3.4 Hexes


You had 3 spell levels left.
You knew the following spells:

 Your Spells              Type           Power        Failure   Level  Hunger
a - Corona                Hex            ##.....      4%          1    #......
b - Ensorcelled Hibernat  Hex/Ice        #.....       17%         2    ###....


Dungeon Overview and Level Annotations

Branches:
Dungeon (2/15)

Altars:


Innate Abilities, Weirdness & Mutations

You cannot wear most types of armour.
You are amphibious.
You can wear up to eight rings at the same time.
You can use your tentacles to constrict many enemies at once.
Your skin changes colour to match your surroundings (Stealth).
Your rubbery body absorbs attacks (AC +1).


Message History

You hit the adder.
The adder is almost dead.
You constrict the adder.
You kill the adder!
The quokka closely misses you.
A hobgoblin comes into view.
The hobgoblin shouts!
You hit the kobold. Your grab misses the kobold.
The kobold is heavily wounded.
You feel sick. The giant cockroach bites you.
* * * LOW HITPOINT WARNING * * *
The quokka bites you.
* * * LOW HITPOINT WARNING * * *
The kobold closely misses you.
Drink which item? (? for menu, Esc to quit)
It was a potion of agility.
You feel agile all of a sudden.
* * * LOW HITPOINT WARNING * * *
You feel sick. The giant cockroach bites you.
You die...

...................
#.###.............. #.
#..............
#.###..............
##...###.....####..)
#####..............##...
...........#..####..#...
.......K...###.# ##.....
.......s@.## #.# ###...
.......r### #.. ....
....... .... .#...
....... ####. ##...
..g.... #. #... ......
#... .%... ##.. .... .


You could see a quokka, a giant cockroach, a hobgoblin and a kobold.

Vanquished Creatures
  3 adders (D:2)
  A giant mite (D:1)
  An ooze (D:2)
  A bat (D:1)
  A giant cockroach (D:2)
  3 goblins
  A ball python (D:1)
  3 giant newts (D:1)
  3 kobolds
  5 rats
22 creatures vanquished.

Notes
Turn   | Place    | Note
--------------------------------------------------------------
     0 | D:1      | Chiseanne, the Octopode Enchanter, began the quest for the Orb.
     0 | D:1      | Reached XP level 1. HP: 11/11 MP: 3/3
   601 | D:1      | Reached XP level 2. HP: 17/17 MP: 4/4
  1082 | D:1      | Learned a level 2 spell: Ensorcelled Hibernation
  1178 | D:2      | Reached skill level 5 in Stealth
  1178 | D:2      | Reached XP level 3. HP: 22/22 MP: 6/6
  1443 | D:2      | HP: 1/22 [poisoned by an adder]
  1443 | D:2      | Slain by a giant cockroach

Action                   || total
-------------------------++-------
Melee: Dagger            ||    62
  Use: Scroll            ||     4
       Potion            ||     1
 Stab: Sleeping          ||     3
  Eat: Chunk             ||     2
